 Dungeon Crawl Stone Soup version 0.24-a0-619-gb7544fd (webtiles) character file.

Game seed: 18091639688436293873, levelgen mode: deterministic

747 NoTea the Geomancer (level 7, -1/36 HPs)
             Began as a Gargoyle Earth Elementalist on Sept 18, 2019.
             Killed by divine providence
             ... invoked by an orc priest
              (13 damage)
             ... on level 4 of the Dungeon.
             The game lasted 00:44:14 (6741 turns).

NoTea the Geomancer (Gargoyle Earth Elementalist)   Turns: 6741, Time: 00:44:14

Health: -1/36      AC:  9    Str: 13    XL:     7   Next: 77%
Magic:  10/12      EV: 11    Int: 16    God:
Gold:   187        SH:  0    Dex: 10    Spells: 3/12 levels left

rFire    + . .     SeeInvis .   a - +3 dagger (freeze)
rCold    . . .     Gourm    .   (no shield)
rNeg     + . .     Faith    .   s - +0 leather armour
rPois    ∞         Spirit   .   l - +1 helmet
rElec    +         Reflect  .   (no cloak)
rCorr    .         Harm     .   (no gloves)
MR       .....                  (no boots)
Stlth    ++........             (no amulet)
HPRegen  0.12/turn              h - ring of protection from fire
MPRegen  0.13/turn              (no ring)

@: no status effects
A: negative energy resistance 1, electricity resistance, unbreathing,
petrification resistance, rot immunity, AC +4
a: no special abilities


You were on level 4 of the Dungeon.
You were not hungry.

You visited 1 branch of the dungeon, and saw 4 of its levels.
You also visited: Sewer.

You collected 187 gold pieces.

Inventory:

Hand Weapons
 a - a +3 dagger of freezing (weapon)
   (You took it off a goblin on level 1 of the Dungeon)
 b - a +0 hunting sling
   (You took it off a goblin on level 2 of the Dungeon)
 f - a +0 hand axe
   (You found it on level 1 of the Dungeon)
 j - a +2 trident of protection
   (You found it on level 4 of the Dungeon)
 k - a +0 dagger
   (You found it on level 1 of the Dungeon)
 t - a +0 arbalest
   (You found it in a sewer)
 v - a +1 morningstar
   (You took it off an orc on level 3 of the Dungeon)
Missiles
 u - 51 stones (quivered)
Armour
 c - a +0 robe
 l - a +1 helmet (worn)
   (You found it on level 1 of the Dungeon)
 m - a +0 ring mail
   (You found it on level 2 of the Dungeon)
 p - a +0 chain mail
   (You found it on level 1 of the Dungeon)
 s - a +0 leather armour (worn)
   (You found it on level 2 of the Dungeon)
Jewellery
 h - a ring of protection from fire (left hand)
   (You found it on level 4 of the Dungeon)
Scrolls
 i - 2 scrolls of remove curse {@r2}
 o - a scroll of blinking
 q - 2 scrolls of identify {@r1}
 r - a scroll of torment {unknown}
Potions
 d - a potion of curing {unknown}
 g - 2 potions of haste {@q3}
 n - 2 potions of heal wounds {@q2}
 w - a potion of berserk rage {unknown}
Comestibles
 e - 6 rations
 x - a chunk of flesh


   Skills:
 - Level 1.5 Dodging
 - Level 2.1 Stealth
 - Level 3.3 Spellcasting
   Level 0.7 Transmutations
 * Level 9.9 Earth Magic


You had 3 spell levels left.
You knew the following spells:

 Your Spells              Type           Power        Failure   Level  Hunger
a - Sandblast             Erth           ####..       1%          1    None
b - Stone Arrow           Conj/Erth      ###...       9%          3    ###....
x - Lee's Rapid Deconstr  Erth           ####......   11%         5    ######.

Your spell library contained the following spells:

 Spells                   Type           Power        Failure   Level  Hunger
 Passwall                 Tmut/Erth      ###.....     3%          2    ##.....
 Petrify                  Tmut/Erth      ###.....     26%         4    ####...


Dungeon Overview and Level Annotations

Branches:
Dungeon (4/15)              Sewer (visited)
 Temple: D:4-7

Altars:
Dithmenos
Okawaru

Annotations:
D:3 1 exclusion


Innate Abilities, Weirdness & Mutations

You are resistant to torment.
Your stone body is resilient. (AC +4)
You are immune to poison.
You resist negative energy. (rN+)
You are resistant to electric shocks. (rElec)
You can survive without breathing.
You are immune to petrification.
You are immune to rotting.


Message History

The leopard gecko closely misses you.
You closely miss the leopard gecko. The leopard gecko misses you.
You hit the leopard gecko.
The leopard gecko seems to slow down.
You freeze the leopard gecko.
You kill the leopard gecko!
No target in view!
No target in view!
You butcher the leopard gecko corpse.
x - a chunk of flesh You see here a leopard gecko skeleton. x2
The orc shouts!
You hear a shout! x3
An orc priest comes into view.
You hear a shout!
The orc wizard shouts!
You hear a shout!
The orc shouts!
The orc throws a stone.
The stone hits you but does no damage.
You see here a stone.
Aim: an orc wizard, wielding a +0 dagger and wearing a +0 robe The blast of sand hits the orc wizard!
u - 53 stones The orc wizard hits you but does no damage.
Aim: an orc wizard, wielding a +0 dagger and wearing a +0 robe (heavily wounded)
The blast of sand hits the orc wizard.
u - 52 stones The orc wizard drinks a potion.
The orc wizard suddenly seems more resistant.
Aim: an orc wizard, wielding a +0 dagger and wearing a +0 robe (severely wounded, unusually resistant)
The blast of sand hits the orc wizard!
You kill the orc wizard!
u - 51 stones The orc throws a stone.
The stone barely misses you.
The stone misses the orc.
The orc throws a stone.
The stone hits you but does no damage. The orc hits you but does no damage.
The orc throws a stone.
The stone barely misses you.
The orc throws a stone.
The stone closely misses you.
The orc throws a stone.
The stone closely misses you.
The orc throws a stone.
The stone hits you but does no damage.
You see here a stone.
The orc throws a stone.
The stone barely misses you.
The orc priest calls down the wrath of Beogh upon you.
Beogh smites you!
* * * LOW HITPOINT WARNING * * *
The orc priest mumbles some strange prayers to Beogh against you.
Beogh smites you!
* * * LOW HITPOINT WARNING * * *
There is a stone staircase leading up here.
The orc hits you but does no damage. x2
The orc priest calls down the wrath of Beogh upon you.
Beogh smites you!
You die...

##......## #.......##
###........### ##
##............####.
###..................
##....................
#.....................
###.<..........)......
##.@oo...(o.........
##.o..........(....
#)................
#.................
#.(...(.....(.....
#.................
#..........#####..
#.........## ##.
#.........## ##


You could see an orc priest and 3 orcs.

Vanquished Creatures
  Purgy (Sewer)
  2 ogres
  An orc priest (D:3)
  An iguana (D:4)
  4 orc wizards
  3 worker ants (D:4)
  4 gnolls (D:3)
  7 adders
  An ooze (D:4)
  An adder skeleton (D:4)
  5 worms
  5 dart slugs
  6 leopard geckos
  17 orcs
  2 giant cockroaches (D:1)
  4 goblins
  6 hobgoblins
  2 jackals (D:2)
  A quokka (D:2)
  14 bats
  5 frilled lizards
  A jackal skeleton (D:4)
  8 kobolds
  12 rats
113 creatures vanquished.

Notes
Turn   | Place    | Note
-------+----------+-------------------------------------------
     0 | D:1      | NoTea the Gargoyle Earth Elementalist began the quest for
                  | the Orb.
     0 | D:1      | Reached XP level 1. HP: 10/10 MP: 3/3
   146 | D:1      | Reached skill level 4 in Earth Magic
   192 | D:1      | Reached XP level 2. HP: 13/15 MP: 1/5
  1172 | D:2      | Reached XP level 3. HP: 19/19 MP: 6/6
  1194 | D:2      | Learned a level 3 spell: Stone Arrow
  1491 | D:2      | Reached skill level 5 in Earth Magic
  1527 | D:2      | Reached XP level 4. HP: 24/24 MP: 5/8
  2447 | D:3      | Reached XP level 5. HP: 28/28 MP: 6/9
  2467 | D:3      | Reached skill level 6 in Earth Magic
  2681 | D:3      | Found a shadowy altar of Dithmenos.
  3320 | D:3      | Noticed an ogre
  3339 | D:3      | Learned a level 5 spell: Lee's Rapid Deconstruction
  3365 | D:3      | Killed an ogre
  3365 | D:3      | Reached skill level 7 in Earth Magic
  3365 | D:3      | Reached XP level 6. HP: 32/32 MP: 5/11
  4294 | D:3      | Found a shadowy altar of Dithmenos.
  5046 | D:4      | Reached skill level 8 in Earth Magic
  5107 | D:4      | Reached XP level 7. HP: 36/36 MP: 5/12
  5429 | D:4      | Found a glowing drain.
  5474 | Sewer    | Entered a sewer
  5508 | Sewer    | Reached skill level 9 in Earth Magic
  5542 | Sewer    | Noticed Purgy
  5547 | Sewer    | Killed Purgy
  6330 | D:4      | Found an iron altar of Okawaru.
  6741 | D:4      | Killed from afar by an orc priest

Levels and vault maps discovered:
D:1:      dpeg_arrival_shrine, layout_basic
D:2:      layout_basic
D:3:      layout_loops_corners, nicolae_dithmenos_shadow_blocks
D:4:      layout_layer_cave, lemuel_round_altar, first_ration,
          gup_sewer_entry_bubbles, uniq_menkaure

Skill      XL: |  1  2  3  4  5  6  7 |
---------------+----------------------+-----
Earth Magic    | 4 5 7 8 9 |  9.9
Spellcasting   | 3 |  3.3
Dodging        | |  1.5
Stealth        | |  2.1
Transmutations | |  0.7

Action                   |  1- 3 |  4- 6 |  7- 9 || total
-------------------------+-------+-------+-------++-------
Melee: Club              |    12 |       |       ||    12
       Unarmed           |     1 |       |       ||     1
       Dagger            |    48 |   103 |    86 ||   237
       Hand axe          |    26 |       |       ||    26
 Fire: Hunting sling     |       |     3 |     8 ||    11
 Cast: Sandblast         |    16 |    32 |    26 ||    74
       Stone Arrow       |     1 |     9 |    11 ||    21
  Use: Scroll            |     1 |     7 |     1 ||     9
 Stab: Sleeping          |     1 |     4 |       ||     5
  Eat: Chunk             |     2 |     8 |     8 ||    18
       Ration            |       |     1 |       ||     1
Armor: Robe              |    26 |     2 |       ||    28
       Leather armour    |       |    31 |    59 ||    90
Dodge: Dodged            |    64 |    38 |    57 ||   159

Table legend:
 A = Non-vault XP
 B = Vault XP
 C = Vault XP percentage of total XP
 D = Non-vault monster count
 E = Vault monster count
 F = Vault count percentage of total count
                 A         B        C        D         E       F
            +---------+---------+-------+---------+---------+-------
      Total |     909 |     159 |  14.9 |     101 |      12 |  10.6
            +---------+---------+-------+---------+---------+-------
        D:1 |      33 |       0 |   0.0 |      24 |       0 |   0.0
        D:2 |      88 |       0 |   0.0 |      28 |       0 |   0.0
        D:3 |     353 |       0 |   0.0 |      21 |       0 |   0.0
        D:4 |     435 |      22 |   4.8 |      28 |       6 |  17.6
      Sewer |       0 |     137 | 100.0 |       0 |       6 | 100.0
            +---------+---------+-------+---------+---------+-------
